 Dungeon Crawl Stone Soup version 0.29.1-15-g9cfb28693d (webtiles) character file.

Game seed: 13667888859044267215

4465 hawla the Arsonist (level 10, -3/73 HPs)
             Began as a Meteoran Fire Elementalist on Mar 13, 2023.
             Was a Follower of Vehumet.
             Slain by a ghost moth (21 damage)
             ... on level 1 of the Lair of Beasts.
             The game lasted 00:15:22 (3097 turns).

hawla the Arsonist (Meteoran Fire Elementalist)     Turns: 3097, Time: 00:15:23

Health: -3/73      AC:  6    Str:  9      XL:     10   Next: 95%
Magic:  0/35       EV: 13    Int: 18 (20) God:    Vehumet [*.....]
Gold:   304        SH:  0    Dex: 13 (17) Spells: 24/31 levels left

rFire   + . .      SeeInvis .   (no weapon)
rCold   . . .      Faith    .   (no shield)
rNeg    . . .      Spirit   .   a - +1 robe
rPois   .          Reflect  .   o - +0 helmet
rElec   .          Harm     .   (no cloak)
rCorr   .          Rampage  .   g - +0 pair of gloves
Will    +....                   i - +0 pair of boots
Stlth   +.........              k - amulet of the acrobat
HPRegen 0.22/turn               e - ring of magical power
MPRegen 0.24/turn               h - ring of protection from fire

@: glowing
A: sense surroundings 2, otherworldly, glowing, explore regen
a: Renounce Religion


You were on level 1 of the Lair of Beasts.
You worshipped Vehumet.
Vehumet was aware of your devotion.
You visited 3 branches of the dungeon, and saw 11 of its levels.

You collected 304 gold pieces.

Inventory:

Armour
 a - a +1 robe (worn)
 g - a +0 pair of gloves (worn)
 i - a +0 pair of boots (worn)
 o - a +0 helmet (worn)
Jewellery
 b - a ring of wizardry
 e - a ring of magical power (left hand)
 h - a ring of protection from fire (right hand)
 k - an amulet of the acrobat (around neck)
 n - a ring of willpower
Wands
 j - a wand of flame (11) (quivered)
 q - a wand of digging (5)
 r - a wand of polymorph (5)
 t - a wand of iceblast (5)
 u - a wand of mindburst (3)
Scrolls
 f - 8 scrolls of teleportation
 s - 2 scrolls of identify
Potions
 c - a potion of curing
 d - a potion of brilliance
 l - a potion of heal wounds
 m - a potion of flight


   Skills:
 + Level 2.1 Fighting
 + Level 4.6 Dodging
 - Level 1.4 Stealth
 + Level 11.0 Spellcasting
 + Level 7.7 Conjurations
 + Level 11.0 Fire Magic
 + Level 3.0 Evocations


You had 24 spell levels left.
You knew the following spells:

 Your Spells              Type           Power      Damage    Failure   Level
a - Foxfire               Conj/Fire      100%       2x1d9     1%          1
b - Scorch                Fire           98%        2d10      1%          2
c - Flame Wave            Conj/Fire      43%        2d11      1%          4

Your spell library contained the following spells:

 Spells                   Type           Power      Damage    Failure   Level
 Magic Dart               Conj           100%       1d8       1%          1
 Conjure Flame            Conj/Fire      43%        6-21      1%          3
 Inner Flame              Hex/Fire       29%        N/A       2%          3


Dungeon Overview and Level Annotations

Branches:
Dungeon (8/15) Zot: 2101   Temple (1/1) D:6 Zot: 318    Lair (2/5) D:8 Zot: 1081
  Swamp: Lair:2-3    Shoals: Lair:2-3     Snake: Lair:2-3    Spider: Lair:2-3

Altars:
Dithmenos
Elyvilon
Fedhas
Hepliaklqana
Makhleb
Nemelex Xobeh
Okawaru
Qazlal
Ru
Sif Muna
Trog
Uskayaw
Vehumet
Wu Jian
Xom
Yredelemnul
The Shining One

Annotations:
D:6 1 runed translucent door


Innate Abilities, Weirdness & Mutations

You passively map the area around you.
You are easily found by Zot.
You glow in the dark.
You regain HP and MP as you explore.


Message History

You feel you are being watched by something.
You feel your power leaking away. Something misses you. Something hits you.
Something stings you but does no damage.
You are too confused!
Unknown command.
You are too confused!
Okay, then.
You feel better.
You feel less invigorated.
You feel you are being watched by something.
You feel your power leaking away. Something hits you!
You feel clumsy. Something hits you but does no damage. Something stings you!
Something hits you!
You feel dopey. Something hits you but does no damage. Something stings you.
Aiming: Mindburst
Press: ? - help, Shift-Dir - straight line Nothing appears to happen.
You feel you are being watched by something.
Something hits you!
You feel dopey. Something hits you but does no damage.
Something stings you but does no damage.
Aiming: Mindburst
Press: ? - help, Shift-Dir - straight line Nothing appears to happen.
Something hits you. Something hits you but does no damage.
Something stings you!
* * * LOW HITPOINT WARNING * * *
You feel clumsy.
You feel much better. Something hits you.
You feel clumsy. Something hits you! Something stings you.
* * * LOW HITPOINT WARNING * * *
You feel clumsy.
Aiming: Mindburst
Press: ? - help, Shift-Dir - straight line Nothing appears to happen.
Something hits you!!
You die...

#.....# * #.....# * ,
#.....# *# ,* , , #..... ..
,, ... , * #....#
P#...####..#
#....#..........#..# ,*
#....+.............#
##..................# , **
#..{@.#..........#..# ,
#######.....#..........#...
.......................#...
,
#####......#..#######.....
, #...................... ,
,** ##.>.............†.....
#P..................... ,
#...................... ,,,
##............#P######.


There were no monsters in sight!

Vanquished Creatures
  Joseph (D:8)
  A cane toad (Lair:1)
  A komodo dragon (Lair:1)
  A hornet (D:8)
  A wyvern (D:8)
  8 yaks (Lair:1)
  3 water moccasins
  An orc warrior (D:8)
  A black bear (D:6)
  An ogre (D:6)
  A phantom (D:5)
  3 bullfrogs
  6 scorpions
  6 killer bees (D:7)
  A howler monkey (D:5)
  A jelly (D:8)
  5 orc priests
  4 hounds
  2 iguanas
  Ijyb (D:5)
  5 orc wizards
  5 adders
  3 gnolls (D:5)
  A white imp (D:6)
  3 ufetubi
  21 orcs
  An endoplasm (D:4)
  3 giant cockroaches
  2 goblins (D:4)
  3 hobgoblins
  3 quokkas
  2 ball pythons (D:3)
  5 bats
  4 kobolds
  A rat (D:2)
111 creatures vanquished.

Vanquished Creatures (others)
  133 foxfires
  6 fungi (D:4)
139 creatures vanquished.

Grand Total: 250 creatures vanquished

Notes
Turn   | Place    | Note
-------+----------+-------------------------------------------
     0 | D:1      | hawla the Meteoran Fire Elementalist began the quest for
                  | the Orb.
     0 | D:1      | Reached XP level 1. HP: 14/14 MP: 5/5
   147 | D:2      | Reached XP level 2. HP: 16/20 MP: 4/6
   150 | D:2      | Learned a level 2 spell: Scorch
   179 | D:2      | Reached XP level 3. HP: 26/26 MP: 1/8
   329 | D:3      | Reached XP level 4. HP: 22/34 MP: 2/9
   392 | D:4      | Reached skill level 5 in Fire Magic
   392 | D:4      | Reached XP level 5. HP: 22/39 MP: 2/11
   403 | D:4      | Learned a level 4 spell: Flame Wave
   675 | D:4      | Reached XP level 6. HP: 46/46 MP: 12/12
   975 | D:4      | Reached skill level 5 in Conjurations
   981 | D:4      | Reached XP level 7. HP: 41/51 MP: 12/14
   985 | D:4      | Reached skill level 1 in Fighting
  1186 | D:5      | Entered Level 5 of the Dungeon
  1191 | D:5      | Noticed a water moccasin
  1196 | D:5      | Killed a water moccasin
  1197 | D:5      | Reached skill level 5 in Spellcasting
  1197 | D:5      | Reached XP level 8. HP: 57/59 MP: 12/17
  1694 | D:5      | Noticed Ijyb
  1699 | D:5      | Killed Ijyb
  1932 | D:6      | Found a staircase to the Ecumenical Temple.
  1949 | Temple   | Entered the Ecumenical Temple
  2199 | Temple   | Became a worshipper of Vehumet
  2256 | D:6      | Gained mutation: You passively map the area around you.
                  | [Meteoran growth]
  2256 | D:6      | Reached XP level 9. HP: 47/64 MP: 19/19
  2261 | D:6      | Found a runed translucent door.
  2639 | D:8      | Reached * piety under Vehumet
  2639 | D:8      | Offered knowledge of Magic Dart by Vehumet.
  2661 | D:8      | Noticed a hornet
  2666 | D:8      | Killed a hornet
  2827 | D:8      | Noticed Joseph
  2833 | D:8      | Killed Joseph
  2834 | D:8      | Reached XP level 10. HP: 49/73 MP: 20/24
  2834 | D:8      | Found a stormy altar of Qazlal.
  2962 | D:8      | Found a staircase to the Lair.
  2980 | Lair:1   | Entered Level 1 of the Lair of Beasts
  2988 | Lair:1   | Reached skill level 10 in Fire Magic
  2992 | Lair:1   | Reached skill level 10 in Spellcasting
  2996 | Lair:1   | Noticed a komodo dragon
  3011 | Lair:1   | Killed a komodo dragon
  3047 | Lair:1   | Noticed a cane toad
  3052 | Lair:1   | Killed a cane toad
  3076 | Lair:2   | Noticed an eight-headed hydra
  3077 | Lair:2   | Noticed a cane toad
  3078 | Lair:2   | an eight-headed hydra changed into something unseen
  3097 | Lair:1   | Slain by a ghost moth

Illustrated notes

Levels and vault maps discovered:
D:1:      ncdulo_halloftheorcs, layout_rooms, serial_shops, nicolae_shop_trees,
          roderic_roman_lattice, hangedman_feature_mirror
D:2:      layout_loops_ring
D:3:      layout_loops_ring, biasface_ghost_orc_armoury
D:4:      old_forge, layout_basic
D:5:      layout_gridville, uniq_ijyb
D:6:      layout_cave_pods, minmay_temple_entry_trees, ebering_ghost_sewer_d,
          uniq_menkaure
D:7:      layout_basic, uniq_maggie
D:8:      hellmonk_ruined_rings, layout_basic,
          mainiacjoe_overflow_cross_hatched, lair_entry_dummy,
          ebering_ghost_gozag, uniq_joseph
Temple:   mainiacjoe_temple_cubbyholes
Lair:1:   layout_chaotic_city, uniq_gastronok
Lair:2:   layout_loops_ring, minmay_swamp_entry_reptiles, grunt_megastairs_5

Skill      XL: |  1  2  3  4  5  6  7  8  9 10 |
---------------+-------------------------------+-----
Fire Magic     | 4 5 6 7 9 11 | 11.0
Spellcasting   | 3 4 5 6 9 11 | 11.0
Conjurations   | 3 5 6 7 |  7.7
Dodging        | 3 4 |  4.6
Fighting       | 1 2 |  2.1
Evocations     | 3 |  3.0
Stealth        | |  1.4

Action                   |  1- 3 |  4- 6 |  7- 9 | 10-12 || total
-------------------------+-------+-------+-------+-------++-------
Melee: Unarmed           |     9 |    12 |     1 |       ||    22
 Cast: Foxfire           |    17 |    26 |    36 |     7 ||    86
       Scorch            |     5 |    12 |    59 |    11 ||    87
       Flame Wave        |       |     2 |    14 |     6 ||    22
Evoke: Wand              |       |       |       |     5 ||     5
  Use: Scroll            |     1 |       |    10 |       ||    11
       Potion            |       |       |     5 |     3 ||     8
Armor: Robe              |     6 |     2 |     8 |    11 ||    27
Dodge: Dodged            |    10 |    11 |    50 |    17 ||    88
